 Dungeon Crawl Stone Soup version 0.16-a0-296-gbdb9f68 (webtiles) character file.

425471 MRaven the Pyromancer (level 22, -4/140 HPs)
             Began as a Deep Elf Fire Elementalist on Aug 26, 2014.
             Was the Champion of Vehumet.
             Slain by a shadow wraith (14 damage)
             ... on Level 5 of the Vaults on Aug 29, 2014.
             The game lasted 09:50:50 (95189 turns).

MRaven the Pyromancer (Deep Elf Fire Elementalist) Turns: 95189, Time: 09:50:50

HP  -4/140       AC 14     Str  5      XL: 22   Next: 73%
MP  27/44        EV 34     Int 31      God: Vehumet [******]
Gold 4003        SH  9     Dex 18      Spells: 13 memorised,  7 levels left

rFire  + . .     SeeInvis .     O - +3 trident of Crunterann {drain, +Blink +Rage rElec rPois rF+ Dex+1}
rCold  + . .     Clarity  .     Y - +1 robe of Articulation {+Rage MR++ Slay+4}
rNeg   + . .     rCorr    .     D - +3 buckler
rPois  +         rRot     .     (helmet restricted)
rElec  +         Spirit   .     b - +2 cloak {MR+}
SustAb .         Warding  +     t - +0 pair of gloves of Mirth {rC+}
rMut   .         Stasis   .     W - +2 pair of boots
Gourm  .                        R - amulet of warding
MR     +++++                    S - +5 ring of evasion
                                v - +4 ring of protection

@: about to teleport, very slightly contaminated, delayed fireball, studying
Stealth, repel missiles, almost entirely resistant to hostile enchantments,
unstealthy
A: horns 1, agile 1, magic resistance 1, poison resistance
a: Renounce Religion, Release Delayed Fireball, Evoke Blink, Evoke Berserk Rage
}: 2/15 runes: decaying, serpentine


You were on level 5 of the Vaults.
You worshipped Vehumet.
Vehumet was exalted by your worship.
You were hungry.

You visited 8 branches of the dungeon, and saw 46 of its levels.
You visited 1 bazaar.
You also visited: Labyrinth, Sewer, Bailey and Wizlab.

You collected 5631 gold pieces.
You spent 1628 gold pieces at shops.

Inventory:

Hand weapons
 O - the +3 trident of Crunterann (weapon) {drain, +Blink +Rage rElec rPois rF+ Dex+1}
   (You found it on level 8 of the Lair of Beasts)

   A truly terrible weapon, it drains the life of those it strikes.
   It affects your dexterity (+1).
   It protects you from fire.
   It insulates you from electricity.
   It protects you from poison.
   It lets you blink.
   It lets you go berserk.
Armour
 b - a +2 cloak of magic resistance (worn)
 t - the +0 pair of gloves of Mirth (worn) {rC+}
   (You found it on level 2 of the Vaults)

   It protects you from cold.
 D - a +3 buckler (worn)
 W - a +2 pair of boots (worn)
 Y - the +1 robe of Articulation (worn) {+Rage MR++ Slay+4}
   (You found it on level 3 of the Elven Halls)

   It affects your accuracy and damage with ranged weapons and melee attacks
   (+4).
   It affects your resistance to hostile enchantments.
   It lets you go berserk.
Magical devices
 m - a wand of teleportation (5)
 C - a wand of invisibility (3)
 H - a wand of draining (6)
 P - a wand of teleportation (0)
 X - a wand of digging (7)
Comestibles
 c - 21 bread rations
 E - 18 meat rations
Scrolls
 f - 10 scrolls of recharging
 j - 5 scrolls of fog
 k - 5 scrolls of summoning
 n - 17 scrolls of remove curse
 o - 3 scrolls of magic mapping
 s - 6 scrolls of teleportation
 u - 12 scrolls of enchant weapon
 w - 2 scrolls of fear
 y - 3 scrolls of identify
 I - 2 scrolls of amnesia
 J - 4 scrolls of silence
Jewellery
 d - an uncursed ring of sustain abilities
 i - an uncursed amulet of resist corrosion
 r - an uncursed ring of teleportation
 v - a +4 ring of protection (left hand)
 x - a cursed ring of positive energy
 A - an uncursed ring of teleport control
 R - an amulet of warding (around neck)
 S - a +5 ring of evasion (right hand)
 Z - an uncursed amulet of resist mutation
Potions
 g - 6 potions of restore abilities
 l - 2 potions of brilliance
 q - 12 potions of curing
 z - 10 potions of haste
 B - 6 potions of might
 F - 2 potions of flight
 G - 6 potions of resistance
 K - 3 potions of cure mutation
 N - a potion of invisibility
 Q - 6 potions of agility
 T - 2 potions of cancellation
Books
 V - a manual of Stealth


   Skills:
 + Level 15.2 Fighting
 + Level 20.2 Dodging
 - Level 2.4 Stealth
 * Level 4.5 Shields
 * Level 17.2 Spellcasting
 - Level 20.1 Conjurations
 - Level 5.6 Charms
 - Level 21.0 Fire Magic
 - Level 5.9 Air Magic
 - Level 5.7 Poison Magic
 * Level 9.4 Evocations


You had 7 spell levels left.
You knew the following spells:

 Your Spells              Type           Power        Failure   Level  Hunger
a - Flame Tongue          Conj/Fire      #####        0%          1    None
b - Throw Flame           Conj/Fire      ######       0%          2    None
c - Conjure Flame         Conj/Fire      ########     0%          3    None
d - Sticky Flame          Conj/Fire      ########     0%          4    None
e - Repel Missiles        Chrm/Air       ######       1%          2    None
f - Fireball              Conj/Fire      ########..   0%          5    None
g - Mephitic Cloud        Conj/Pois/Air  #######.     1%          3    None
h - Airstrike             Air            ######....   1%          4    None
i - Iskenderun's Mystic   Conj           ########     0%          4    None
j - Delayed Fireball      Conj/Fire      N/A          1%          7    ####...
k - Spellforged Servitor  Conj/Summ      ######....   7%          7    ####...
l - Swiftness             Chrm/Air       ######..     1%          2    None
m - Fire Storm            Conj/Fire      ########..   8%          9    #######


Dungeon Overview and Level Annotations

Branches:
Dungeon (15/15)            Temple (1/1) D:4             Orc (4/4) D:10
    Elf (3/3) Orc:4          Lair (8/8) D:8           Swamp (5/5) Lair:5
  Snake (5/5) Lair:5        Slime (0/6) Lair:8       Vaults (5/5) D:13
  Crypt (0/3) Vaults:2     Depths (0/5) D:15

Altars:
Ashenzari
Cheibriados
Dithmenos
Elyvilon
Fedhas
Gozag
Kikubaaqudgha
Makhleb
Nemelex Xobeh
Okawaru
Qazlal
Sif Muna
Trog
Vehumet
Xom
Yredelemnul
Zin
The Shining One
Beogh

Shops:
Orc:1 (   Orc:4 *=(:   Elf:2 %   Snake:1 ?   Vaults:2 *   Vaults:3 (
Vaults:4 [

Annotations:
D:3 Sigmund
D:11 exclusion: 2 statues


Innate Abilities, Weirdness & Mutations

You have a pair of small horns on your head.
You are agile. (Dex +2)
You are resistant to hostile enchantments.
Your system is resistant to poisons.


Message History

Unknown command.
Drink which item? (? for menu, Esc to quit)
You feel better.
Your fire vortex hits the titan.
Your fire vortex burns the titan!
Your fire vortex dissipates!
The vault sentinel shoots a bolt of flame.
The bolt of flame hits your spellforged servitor!
The titan waves its arms in wide circles.
The air twists around and strikes you!
* * * LOW HITPOINT WARNING * * *
The shadow dragon bites you.
* * * LOW HITPOINT WARNING * * *
The shadow dragon misses you. The shadow dragon closely misses you.
The yaktaur captain drinks a potion.
The yaktaur captain suddenly seems more agile.
The golden dragon completely misses you. x3
The vault warden hits you with a great sword!!
* * * LOW HITPOINT WARNING * * *
Something hits you!
You die...

#....#
........v.#
....#.v..#c
..).......#..
.$((....v......
##.#))[C.[..(##
(....[v)[[)....
..p...([DD<...v..
....vvQp@c[<.....
......(p.C<.[....
######9*T8v...###
.C......[....
...TT.#.p..#.##
......#....# #
.....#....#
...##....# T.
#....#


You could see a shadow dragon, a titan, a golden dragon, a stone giant, a vault
warden, a tengu reaver, a yaktaur captain, a vault guard, an ettin, 2 deep
trolls, a war gargoyle, a vault sentinel, an ironbrand convoker, a deep troll
earth mage, a centaur, a friendly spellforged servitor and 8 friendly fire
vortices.

Vanquished Creatures
  An ancient lich (Vaults:4)
  the Lernaean hydra (Swamp:5)
  Jory (Vaults:4)
  Vashnia (Snake:2)
  2 deep elf blademasters (Elf:3)
  A titan (Vaults:5)
  A quicksilver dragon (Vaults:5)
  2 deep elf master archers (Elf:3)
  A storm dragon (D:14)
  2 sphinxes
  3 tengu reavers
  2 shadow dragons (Vaults:5)
  Frances (Snake:2)
  A thorn hunter (Swamp:4)
  Roxanne (Snake:2)
  3 deep elf sorcerers
  A frost giant (D:14)
  An orc warlord (D:14)
  Louise (Elf:2)
  11 greater nagas
  12 vault wardens
  Jorgrun (Elf:3)
  2 war gargoyles (Vaults:2)
  5 deep elf demonologists
  6 stone giants
  A very ugly thing (Vaults:1)
  A curse skull (Vaults:2)
  8 deep elf annihilators (Elf:3)
  3 ettins
  A crystal guardian (Vaults:4)
  4 deep elf death magi
  Snorg (Snake:2)
  A fire dragon (Vaults:2)
  22 vault guards
  19 hydras
  2 great orbs of eyes
  3 deep elf high priests
  A minotaur (Lab)
  15 yaktaur captains
  Fannar (D:12)
  18 ironheart preservers
  30 naga warriors
  2 ice dragons (D:15)
  3 shambling mangroves
  10 centaur warriors
  2 rakshasas
  26 anacondas
  12 ogre magi
  A deep troll earth mage (Vaults:1)
  8 alligators
  A tengu warrior (D:13)
  A large abomination (Bailey)
  A deep troll shaman (Vaults:1)
  32 naga sharpshooters
  14 death yaks
  An orc high priest (Orc:4)
  Urug (Orc:2)
  12 shock serpents
  A catoblepas (Lair:6)
  9 deep elf knights
  3 shadow wraiths
  Nergalle (Lair:3)
  An iron golem (WizLab)
  A fire crab (Vaults:1)
  4 salamander mystics
  10 skeletal warriors
  2 flayed ghosts (Vaults:2)
  2 wizards
  31 deep trolls
  An iron troll (D:13)
  11 deep elf summoners
  6 unseen horrors
  13 ironbrand convokers
  2 spriggan druids (Swamp:5)
  14 swamp dragons
  7 naga ritualists
  5 hill giants
  14 mana vipers
  15 cyclopes
  16 deep elf conjurers
  3 necromancers
  A salamander (shapeshifter) (Vaults:2)
  13 orc knights
  A shining eye (shapeshifter) (Vaults:4)
  2 orc sorcerers
  3 wolf spiders (Vaults:1)
  2 phantasmal warriors (Vaults:5)
  A mana viper (shapeshifter) (Vaults:3)
  30 ugly things
  6 griffons
  5 red wasps
  14 guardian serpents
  13 vault sentinels
  23 salamanders
  Maurice (Orc:4)
  A frost giant skeleton (Vaults:4)
  A human skeleton (Vaults:3)
  4 manticores
  24 elephants
  A mermaid (shapeshifter) (Vaults:3)
  2 kobold demonologists (Vaults:2)
  3 gargoyles
  47 black mambas
  26 spiny frogs
  A demonic crawler (Elf:1)
  A yaktaur (shapeshifter) (Elf:3)
  58 yaktaurs
  28 naga magi
  An elf (shapeshifter) (Vaults:4)
  2 fire drakes (Swamp:5)
  A feature mimic (Lair:3)
  Grinder (D:4)
  A wandering mushroom (Lair:6)
  A jumping spider (D:15)
  18 deep elf priests
  7 komodo dragons
  12 trolls
  2 polar bears
  Sonja (Orc:2)
  The ghost of TZer0 the Cleaver, an average HOGl (D:4)
  10 giant leeches
  6 freezing wraiths
  21 ravens
  A snapping turtle (shapeshifter) (Vaults:1)
  29 two-headed ogres
  6 baby alligators
  Prince Ribbit (Orc:1)
  A troll (shapeshifter) (Elf:2)
  3 boulder beetles
  13 blink frogs
  29 slime creatures
  10 spriggans
  13 bog bodies
  2 basilisks
  A spriggan (shapeshifter) (Vaults:2)
  3 wyverns
  A yak (shapeshifter) (Vaults:2)
  An ettin skeleton (Vaults:3)
  34 deep elf magi
  A griffon skeleton (D:14)
  A human simulacrum (Vaults:3)
  4 redbacks
  51 yaks
  A tarantella (Elf:3)
  7 wraiths
  3 shadows
  A human (D:7)
  27 deep elf fighters
  A human (shapeshifter) (Vaults:3)
  11 wolves
  2 hungry ghosts
  A hill giant skeleton (D:9)
  7 wargs
  7 hippogriffs
  A porcupine (shapeshifter) (Vaults:5)
  24 vampire mosquitoes
  25 swamp worms
  A hippogriff (shapeshifter) (Vaults:4)
  88 nagas
  A black bear (Lair:4)
  3 ice beasts
  12 swamp drakes
  9 yellow wasps
  14 porcupines
  51 water moccasins
  A manticore zombie (D:14)
  26 orc warriors
  A sky beast (D:6)
  3 necrophages
  2 phantoms
  54 ogres
  2 human zombies
  A big kobold (Vaults:2)
  9 centaurs
  16 boggarts
  3 lost souls (Elf:3)
  2 vampire mosquito zombies (Vaults:3)
  13 crocodiles
  A brain worm (shapeshifter) (Vaults:4)
  An earth elemental (WizLab)
  A yaktaur zombie (Vaults:3)
  Blork the orc (Orc:2)
  A brain worm (Lair:7)
  2 wyvern zombies
  26 giant frogs
  A glowing shapeshifter simulacrum (Vaults:3)
  11 insubstantial wisps
  12 killer bees
  5 scorpions
  2 hippogriff zombies
  4 electric eels
  15 wights
  6 goliath beetles
  7 crimson imps
  14 hounds
  A giant frog zombie (D:9)
  A quasit (D:11)
  3 centaur skeletons
  11 iguanas
  22 orc priests
  4 jellies
  29 orc wizards
  An orange rat (Elf:2)
  14 worker ants
  A crocodile zombie (D:6)
  An ogre zombie (D:8)
  19 sheep
  2 mottled dragon skeletons
  A hound zombie (D:8)
  A hound skeleton (D:5)
  A mummy (D:13)
  5 gnolls
  A worker ant zombie (D:9)
  31 adders
  62 green rats
  3 shadow imps
  4 giant mites
  9 giant geckos
  2 oozes (Sewer)
  158 orcs
  19 ball pythons
  18 bats
  3 giant cockroaches
  21 hobgoblins
  8 jackals
  9 quokkas
  7 giant newts
  2 giant spores
  33 goblins
  11 kobolds
  A kobold zombie (D:8)
  44 rats
  2 ballistomycetes (D:13)
  2 bushes (D:11)
  A butterfly (Lair:3)
  5 crawling corpses
  6 fungi
  A macabre mass (Elf:3)
  5 plants (Lair:8)
2221 creatures vanquished.

Vanquished Creatures (collateral kills)
  An electric golem (WizLab)
  The ghost of Badjas the Warrior, a mighty DsGl of Xom (Vaults:3)
  A tentacled monstrosity (Vaults:5)
  A frost giant (Vaults:5)
  A vault warden (Vaults:2)
  2 war gargoyles (WizLab)
  A dire elephant (Lair:8)
  A vault guard (Vaults:5)
  A crystal guardian (WizLab)
  2 spellforged servitors
  3 iron golems (WizLab)
  2 orc knights
  An ironbrand convoker (Vaults:5)
  A hellion (Vaults:4)
  A toenail golem (WizLab)
  4 gargoyles (WizLab)
  A vault sentinel (Vaults:2)
  A naga mage (Snake:3)
  A two-headed ogre (Vaults:3)
  A water moccasin (shapeshifter) (Vaults:5)
  2 ogres
  3 earth elementals (WizLab)
  An orc (Vaults:2)
  3 crawling corpses (Vaults:5)
37 creatures vanquished.

Vanquished Creatures (others)
  A deep elf demonologist (Elf:3)
  3 vault guards (Vaults:5)
  An unseen horror (D:14)
  A deep elf summoner (Elf:3)
  2 deep elf priests (Elf:3)
  74 fire vortices
  2 deep elf magi (Elf:3)
  2 deep elf fighters (Elf:3)
  A lost soul (Elf:3)
  An ogre skeleton (D:8)
  A chimera (Lair:8)
  2 crawling corpses (Vaults:5)
  25 fungi
  4 plants
120 creatures vanquished.

Grand Total: 2378 creatures vanquished

Notes
Turn   | Place    | Note
--------------------------------------------------------------
     0 | D:1      | MRaven, the Deep Elf Fire Elementalist, began the quest for the Orb.
     0 | D:1      | Reached XP level 1. HP: 10/10 MP: 5/5
   317 | D:1      | Reached XP level 2. HP: 15/15 MP: 6/8
   525 | D:1      | Reached skill level 4 in Fire Magic
   696 | D:1      | Reached XP level 3. HP: 19/19 MP: 7/10
   700 | D:1      | Learned a level 2 spell: Throw Flame
   704 | D:1      | Learned a level 3 spell: Conjure Flame
  2139 | D:3      | Noticed Sigmund
  2181 | D:3      | Noticed an ice beast
  2198 | D:3      | Killed an ice beast
  2198 | D:3      | Reached skill level 5 in Fire Magic
  2198 | D:3      | Reached XP level 4. HP: 24/24 MP: 2/13
  2198 | D:3      | Reached XP level 5. HP: 28/28 MP: 2/16
  2215 | D:3      | Learned a level 4 spell: Sticky Flame
  3025 | D:4      | Noticed Grinder
  3042 | D:4      | Killed Grinder
  3042 | D:4      | Reached skill level 5 in Conjurations
  3042 | D:4      | Reached skill level 6 in Fire Magic
  3042 | D:4      | Reached XP level 6. HP: 32/32 MP: 2/18
  3282 | D:4      | Noticed TZer0's ghost (average HOGl)
  3297 | D:4      | Killed TZer0's ghost
  3297 | D:4      | Reached skill level 7 in Fire Magic
  3297 | D:4      | Reached XP level 7. HP: 31/36 MP: 7/20
  4143 | D:4      | Found a staircase to the Ecumenical Temple.
  4148 | Temple   | Entered the Ecumenical Temple
  4184 | Temple   | Became a worshipper of Vehumet
  4341 | D:5      | Entered Level 5 of the Dungeon
  4419 | D:5      | Found a glowing drain.
  4497 | Sewer    | Entered a sewer
  4809 | Sewer    | Acquired Vehumet's first power
  4809 | Sewer    | Offered knowledge of Freeze by Vehumet.
  5216 | Sewer    | Reached skill level 8 in Fire Magic
  5378 | Sewer    | Offered knowledge of Magic Dart by Vehumet.
  5378 | Sewer    | Reached XP level 8. HP: 31/41 MP: 13/21
  5738 | D:5      | Learned a level 1 spell: Magic Dart
  5780 | D:5      | Found a sparkling altar of Nemelex Xobeh.
  5926 | D:5      | Reached skill level 1 in Fighting
  6255 | D:5      | Learned a level 5 spell: Fireball
  7334 | D:6      | Offered knowledge of Mephitic Cloud by Vehumet.
  7393 | D:6      | Reached skill level 5 in Spellcasting
  7537 | D:6      | Reached skill level 5 in Dodging
  7540 | D:6      | Reached XP level 9. HP: 31/48 MP: 7/25
  7927 | D:7      | Found a flagged portal.
  7962 | Bailey   | Entered a bailey
  8141 | Bailey   | Acquired Vehumet's second power
  8142 | Bailey   | Noticed a large abomination
  8149 | Bailey   | Killed a large abomination
  8273 | Bailey   | Reached XP level 10. HP: 54/56 MP: 24/30
  8308 | Bailey   | Learned a level 3 spell: Mephitic Cloud
  8324 | Bailey   | Noticed a deep elf knight
  8329 | Bailey   | Killed a deep elf knight
  8329 | Bailey   | Reached skill level 9 in Conjurations
  8329 | Bailey   | Reached skill level 1 in Poison Magic
  9024 | D:7      | Offered knowledge of Airstrike by Vehumet.
  9208 | D:7      | Learned a level 4 spell: Airstrike
  9569 | D:8      | Reached skill level 1 in Air Magic
  9579 | D:8      | Found a staircase to the Lair.
  9648 | D:8      | Noticed an elephant
  9704 | D:8      | Killed an elephant
  9704 | D:8      | Acquired Vehumet's third power
  9966 | D:8      | Offered knowledge of Throw Icicle by Vehumet.
 10634 | D:8      | Found a stormy altar of Qazlal.
 10886 | Lair:1   | Entered Level 1 of the Lair of Beasts
 11205 | Lair:1   | Reached XP level 11. HP: 59/62 MP: 22/31
 11421 | Lair:1   | Reached skill level 10 in Conjurations
 11656 | Lair:1   | Offered knowledge of Iskenderun's Mystic Blast by Vehumet.
 11664 | Lair:1   | Learned a level 4 spell: Iskenderun's Mystic Blast
 11789 | Lair:1   | Reached skill level 5 in Fighting
 12660 | Lair:2   | Reached skill level 10 in Dodging
 13359 | Lair:2   | Noticed a seven-headed hydra
 13370 | Lair:2   | HP: 3/64 [seven-headed hydra (15)]
 13374 | Lair:2   | Killed a seven-headed hydra
 13374 | Lair:2   | Reached skill level 5 in Poison Magic
 14035 | Lair:3   | Reached skill level 11 in Dodging
 14152 | Lair:3   | Noticed Nergalle
 14751 | Lair:3   | Noticed a spectral orc warlord
 14776 | Lair:3   | Killed Nergalle
 14776 | Lair:3   | Reached XP level 12. HP: 31/70 MP: 9/32
 15481 | Lair:3   | Found a staircase to the Swamp.
 15874 | Lair:3   | Offered knowledge of Delayed Fireball by Vehumet.
 17024 | Lair:4   | Reached skill level 12 in Dodging
 17200 | Lair:4   | Reached skill level 10 in Spellcasting
 17580 | Lair:5   | Found a labyrinth entrance.
 17586 | Lab      | Entered a labyrinth
 19074 | Lab      | Noticed a minotaur
 19087 | Lab      | Killed a minotaur
 19177 | Lab      | Got a steaming arbalest
 19182 | Lab      | Identified the +5 arbalest of Xom's Esteem {elec, rElec} (You took it off a minotaur in a labyrinth)
 19230 | Lab      | Identified a +0 rod of destruction (10/10) (You found it on level 1 of the Lair of Beasts)
 19508 | Lair:5   | Found a staircase to the Snake Pit.
 19826 | Lair:5   | Found a staircase to the Swamp.
 20395 | Lair:5   | Found a burning altar of Makhleb.
 20796 | Lair:5   | Reached XP level 13. HP: 76/76 MP: 30/35
 21212 | Lair:6   | Reached skill level 10 in Fire Magic
 21351 | Lair:6   | Learned a level 7 spell: Delayed Fireball
 22372 | Lair:7   | Offered knowledge of Ignite Poison by Vehumet.
 24414 | Lair:8   | Entered Level 8 of the Lair of Beasts
 24414 | Lair:8   | Found a staircase to the Slime Pits.
 25351 | Lair:8   | Upgraded the game from 0.16-a0-269-gd5b6136 to 0.16-a0-282-ga87e286
 26185 | Lair:8   | Got a faintly glowing trident
 26186 | Lair:8   | Identified the +3 trident of Crunterann {drain, +Blink +Rage rElec rPois rF+ Dex+1} (You found it on level 8 of the Lair of Beasts)
 27750 | Lair:8   | Reached XP level 14. HP: 69/84 MP: 12/36
 28331 | Lair:8   | Offered knowledge of Conjure Ball Lightning by Vehumet.
 28331 | Lair:8   | Reached skill level 13 in Fire Magic
 30719 | D:9      | Found an ancient bone altar of Kikubaaqudgha.
 31772 | D:9      | Reached skill level 1 in Evocations
 32161 | D:10     | Entered Level 10 of the Dungeon
 32784 | D:10     | Found a staircase to the Orcish Mines.
 32792 | D:10     | Found a roughly hewn altar of Beogh.
 33192 | Orc:1    | Entered Level 1 of the Orcish Mines
 33305 | Orc:2    | Noticed Sonja
 33306 | Orc:2    | Killed Sonja
 33464 | Orc:2    | Noticed Urug
 33469 | Orc:2    | Killed Urug
 33492 | Orc:2    | Offered knowledge of Spellforged Servitor by Vehumet.
 33501 | Orc:2    | Learned a level 7 spell: Spellforged Servitor
 33632 | Orc:2    | Noticed Blork the orc
 33636 | Orc:2    | Killed Blork the orc
 34475 | Orc:1    | Found Chof's Weapon Boutique.
 35308 | Orc:3    | You fall through a shaft!
 35308 | Orc:4    | Entered Level 4 of the Orcish Mines
 36162 | Orc:1    | Noticed Prince Ribbit
 36174 | Orc:1    | Killed Prince Ribbit
 36507 | Orc:4    | Offered knowledge of Iron Shot by Vehumet.
 36511 | Orc:4    | Reached skill level 5 in Evocations
 36852 | Orc:4    | Found Idarheux's Weapon Boutique.
 36870 | Orc:4    | Reached skill level 10 in Fighting
 36887 | Orc:4    | Found Gruovoru's Book Boutique.
 36891 | Orc:4    | Found Viluty's Jewellery Emporium.
 36896 | Orc:4    | Found Hianuom's Assorted Antiques.
 36914 | Orc:4    | Bought a potion of haste for 168 gold pieces
 37078 | Orc:4    | Noticed Maurice
 37083 | Orc:4    | Killed Maurice
 37083 | Orc:4    | Reached XP level 15. HP: 92/92 MP: 22/37
 37423 | Orc:4    | Found a staircase to the Elven Halls.
 37442 | Orc:4    | Offered knowledge of Freezing Cloud by Vehumet.
 37931 | Orc:4    | Bought a scroll of identify for 48 gold pieces
 37931 | Orc:4    | Bought a scroll of recharging for 228 gold pieces
 37931 | Orc:4    | Bought a scroll of identify for 48 gold pieces
 38763 | Snake:1  | Entered Level 1 of the Snake Pit
 39203 | Snake:1  | Reached skill level 14 in Fire Magic
 39782 | Snake:1  | Found Yxzuunao's Magic Scroll Emporium.
 39925 | Snake:1  | Bought a scroll of teleportation for 42 gold pieces
 39925 | Snake:1  | Bought a scroll of blinking for 105 gold pieces
 39925 | Snake:1  | Bought a scroll of fog for 28 gold pieces
 40895 | Snake:2  | Noticed Frances
 40900 | Snake:2  | Killed Frances
 41210 | Snake:2  | Noticed Roxanne
 42847 | Snake:2  | Killed Roxanne
 43125 | Snake:2  | Noticed Snorg
 43141 | Snake:2  | Killed Snorg
 44697 | Snake:2  | Noticed Vashnia
 44697 | Snake:2  | HP: 4/93 [naga sharpshooter/ bolt of frost[Vashnia] (29)]
 45385 | Snake:2  | Learned a level 2 spell: Repel Missiles
 45894 | Snake:2  | Killed Vashnia
 45894 | Snake:2  | Reached XP level 16. HP: 79/99 MP: 16/39
 46442 | Snake:3  | Reached skill level 15 in Spellcasting
 46579 | Snake:3  | Learned a level 2 spell: Swiftness
 46728 | Snake:3  | Reached skill level 1 in Charms
 48633 | Snake:4  | Reached skill level 15 in Fire Magic
 49037 | Snake:4  | Reached skill level 5 in Air Magic
 50122 | Snake:4  | Reached skill level 5 in Charms
 51178 | Snake:4  | Reached XP level 17. HP: 104/104 MP: 21/41
 51201 | Snake:4  | Offered knowledge of Lehudib's Crystal Spear by Vehumet.
 51201 | Snake:4  | Offered knowledge of Fire Storm by Vehumet.
 51201 | Snake:4  | Offered knowledge of Tornado by Vehumet.
 51799 | Snake:4  | Reached skill level 16 in Spellcasting
 51865 | Snake:4  | Learned a level 9 spell: Fire Storm
 51883 | Snake:4  | Reached skill level 15 in Dodging
 52595 | Snake:5  | Entered Level 5 of the Snake Pit
 53447 | Snake:5  | Found a bloodstained altar of Trog.
 53834 | Snake:5  | Reached skill level 15 in Conjurations
 56045 | Snake:5  | Reached XP level 18. HP: 105/112 MP: 26/41
 56192 | Snake:5  | Reached skill level 17 in Fire Magic
 56403 | Snake:5  | Got a serpentine rune of Zot
 57145 | Elf:1    | Entered Level 1 of the Elven Halls
 57160 | Elf:1    | Found a radiant altar of Vehumet.
 57490 | Elf:1    | Got a sparkling brass amulet
 57492 | Elf:1    | Identified the amulet "Ribem" {Gourm Stlth+} (You found it on level 1 of the Elven Halls)
 58625 | Elf:2    | Found Uliet's Food Emporium.
 58628 | Elf:2    | Bought a bread ration for 50 gold pieces
 58628 | Elf:2    | Bought a meat ration for 50 gold pieces
 58628 | Elf:2    | Bought a meat ration for 50 gold pieces
 58628 | Elf:2    | Bought a bread ration for 50 gold pieces
 58628 | Elf:2    | Bought a meat ration for 50 gold pieces
 58628 | Elf:2    | Bought a bread ration for 50 gold pieces
 58628 | Elf:2    | Bought a bread ration for 50 gold pieces
 58634 | Elf:2    | Noticed Louise
 58640 | Elf:2    | Killed Louise
 59078 | Elf:2    | Gained mutation: You are resistant to hostile enchantments. [potion of beneficial mutation]
 59775 | Elf:3    | Entered Level 3 of the Elven Halls
 59856 | Elf:3    | Noticed Jorgrun
 59859 | Elf:3    | Killed Jorgrun
 60414 | Elf:3    | Found a gateway to a bazaar.
 60423 | Bazaar   | Entered a bazaar
 60431 | Bazaar   | Found Mnaomman's Gadget Shop.
 60431 | Bazaar   | Found Gam Xaafeed's Book Shop.
 61241 | Elf:3    | Found a shimmering altar of Xom.
 62013 | Elf:3    | Reached skill level 18 in Fire Magic
 62532 | Elf:3    | Got a transparent falchion
 62533 | Elf:3    | Identified the cursed +2 falchion of Rotation {antimagic, Int+2} (You took it off a deep elf fighter on level 3 of the Elven Halls)
 62754 | Elf:3    | Got a fine spear
 62755 | Elf:3    | Identified the +5 spear "Giantslayer" {freeze, -Cast rN+} (You found it on level 3 of the Elven Halls)
 62786 | Elf:3    | Got an ichor-stained robe
 62797 | Elf:3    | Identified the +1 robe of Articulation {+Rage MR++ Slay+4} (You found it on level 3 of the Elven Halls)
 62802 | Elf:3    | Got an encrusted hand axe
 62806 | Elf:3    | Identified the +9 hand axe "Kloxeh" {venom, Str+4} (You found it on level 3 of the Elven Halls)
 63580 | Lair:3   | the staircase to the Swamp was a mimic.
 63736 | Swamp:1  | Entered Level 1 of the Swamp
 64315 | Swamp:1  | Reached XP level 19. HP: 118/118 MP: 34/42
 65638 | Swamp:2  | Gained mutation: Your system is resistant to poisons. [potion of beneficial mutation]
 68942 | Swamp:4  | Upgraded the game from 0.16-a0-282-ga87e286 to 0.16-a0-286-g6bac339
 69760 | Swamp:5  | Entered Level 5 of the Swamp
 69762 | Swamp:5  | Reached skill level 19 in Fire Magic
 70841 | Swamp:5  | Got a decaying rune of Zot
 71108 | Swamp:5  | Noticed the 27-headed Lernaean hydra
 72326 | Swamp:5  | Killed the 27-headed Lernaean hydra
 75093 | D:12     | Noticed Fannar
 75097 | D:12     | Killed Fannar
 75785 | D:12     | Gained mutation: You are agile. (Dex +2) [potion of beneficial mutation]
 76178 | D:13     | Found a gate to the Vaults.
 76914 | D:13     | Got a slimy robe
 76925 | D:13     | Identified the +1 robe of Trog's Benevolence {Str+3 Int+3 Curse} (You found it on level 13 of the Dungeon)
 77513 | D:14     | Reached XP level 20. HP: 125/125 MP: 27/43
 79770 | D:15     | Entered Level 15 of the Dungeon
 80687 | D:15     | Found a staircase to the Depths.
 81110 | Vaults:1 | Entered Level 1 of the Vaults
 81436 | Vaults:1 | Reached skill level 20 in Fire Magic
 84476 | Vaults:1 | Reached XP level 21. HP: 132/132 MP: 6/43
 85383 | Vaults:2 | Found a staircase to the Crypt.
 86312 | Vaults:2 | Got a pair of faintly glowing gloves
 86323 | Vaults:2 | Identified the +0 pair of gloves of Mirth {rC+} (You found it on level 2 of the Vaults)
 86545 | Vaults:2 | Found Jaynun's Assorted Antiques.
 86554 | Vaults:2 | Bought 2 potions of curing for 188 gold pieces
 86554 | Vaults:2 | Bought a scroll of fog for 94 gold pieces
 86554 | Vaults:2 | Bought a potion of haste for 329 gold pieces
 86555 | Vaults:2 | Gained mutation: You have a pair of small horns on your head. [potion of beneficial mutation]
 88222 | Vaults:3 | Found Kluff's Weapon Boutique.
 88289 | Vaults:3 | Found a magical portal.
 88294 | WizLab   | Entered Doroklohe's Tomb
 88821 | WizLab   | Got a polished leather armour
 88822 | WizLab   | Identified the +3 leather armour of the Black Moon {Dex+3} (You found it in a wizard's laboratory)
 89497 | Vaults:3 | Noticed Badjas' ghost (mighty DsGl)
 89541 | Vaults:3 | Killed Badjas' ghost
 91895 | Vaults:4 | Found Ijecaah's Armour Shop.
 92510 | Vaults:4 | Reached skill level 21 in Fire Magic
 92618 | Vaults:4 | Reached XP level 22. HP: 139/139 MP: 35/44
 93360 | Vaults:4 | Reached skill level 1 in Shields
 93761 | Vaults:4 | Noticed Jory
 93773 | Vaults:4 | Killed Jory
 94500 | Vaults:4 | Upgraded the game from 0.16-a0-286-g6bac339 to 0.16-a0-296-gbdb9f68
 94533 | Vaults:5 | Entered Level 5 of the Vaults
 94539 | Vaults:5 | Reached skill level 15 in Fighting
 94575 | Vaults:5 | Noticed an ancient lich
 94579 | Vaults:5 | Noticed an ancient lich
 94622 | Vaults:4 | Killed an ancient lich
 95189 | Vaults:5 | Slain by a shadow wraith

Action                   |  1- 3 |  4- 6 |  7- 9 | 10-12 | 13-15 | 16-18 | 19-21 | 22-24 || total
-------------------------+-------+-------+-------+-------+-------+-------+-------+-------++-------
Melee: Mace              |       |     8 |    22 |     8 |       |       |       |       ||    38
       Quarterstaff      |       |       |       |    10 |     4 |       |       |       ||    14
       Trident           |       |       |       |       |   165 |   165 |   322 |    64 ||   716
 Cast: Flame Tongue      |    65 |    30 |   161 |   522 |   627 |    41 |    11 |       ||  1457
       Throw Flame       |     3 |     9 |    56 |   127 |   312 |    30 |     1 |       ||   538
       Sticky Flame      |       |     1 |    46 |   123 |   195 |    81 |   125 |    14 ||   585
       Conjure Flame     |       |     1 |     6 |    25 |    13 |     2 |     9 |       ||    56
       Magic Dart        |       |       |    24 |       |       |       |       |       ||    24
       Airstrike         |       |       |       |     2 |    16 |    15 |    98 |       ||   131
       Mephitic Cloud    |       |       |       |     5 |    23 |     1 |     5 |     4 ||    38
       Fireball          |       |       |       |    13 |   310 |   567 |   892 |    70 ||  1852
       Iskenderun's Myst |       |       |       |     6 |    19 |    74 |    31 |     9 ||   139
       Repel Missiles    |       |       |       |       |     1 |     3 |     6 |     1 ||    11
       Swiftness         |       |       |       |       |       |     6 |     2 |       ||     8
       Fire Storm        |       |       |       |       |       |       |    26 |    14 ||    40
       Spellforged Servi |       |       |       |       |       |       |     6 |     6 ||    12
       Delayed Fireball  |       |       |       |       |       |       |     3 |       ||     3
 Abil: Release Delayed F |       |       |       |       |       |       |     2 |       ||     2
Evoke: Wand              |     1 |       |     3 |     7 |     8 |     6 |     5 |       ||    30
       Phial of floods   |       |       |       |       |     2 |     1 |       |       ||     3
       Box of beasts     |       |       |       |       |     2 |       |       |       ||     2
  Use: Scroll            |     6 |     1 |     8 |    10 |    20 |    13 |    18 |     6 ||    82
       Potion            |     1 |     5 |     2 |     2 |     5 |     3 |     8 |    10 ||    36
 Stab: Sleeping          |       |       |       |       |     1 |       |     1 |       ||     2
       Invisible         |       |       |       |       |       |       |     1 |       ||     1
       Distracted        |       |       |       |       |       |       |     2 |     1 ||     3
       Confused          |       |       |       |       |       |       |     1 |       ||     1
  Eat: Chunk             |     4 |     4 |    22 |    20 |    38 |    23 |    64 |     3 ||   178
       Beef jerky        |       |       |       |     2 |       |     2 |     7 |       ||    11
       Fruit             |       |       |       |    22 |     7 |     3 |    10 |       ||    42
       Pizza             |       |       |       |       |    10 |       |       |       ||    10
       Meat ration       |       |       |       |       |     1 |       |       |       ||     1
       Bread ration      |       |       |       |       |     3 |     5 |     4 |     3 ||    15
       Royal jelly       |       |       |       |       |       |     1 |     1 |       ||     2
